 Dungeon Crawl Stone Soup version 0.28-a0-1356-g2ad6d04315 (webtiles) character file.

Game seed: 15946382646825519721

1536 ryw the Chopper (level 8, 0/70 HPs)
             Began as a Demigod Fighter on Dec 31, 2021.
             Killed from afar by Maggie (9 damage)
             ... with a bolt of fire
             ... on level 6 of the Dungeon.
             The game lasted 00:08:27 (6480 turns).

ryw the Chopper (Demigod Fighter)                   Turns: 6480, Time: 00:08:27

Health: 0/70       AC: 12    Str: 25    XL:     8   Next: 30%
Magic:  10/10      EV: 10    Int: 10    God:
Gold:   122        SH:  0    Dex: 13    Spells: 7/7 levels left

rFire   . . .      SeeInvis .   e - +0 battleaxe
rCold   . . .      Faith    .   (shield currently unavailable)
rNeg    . . .      Spirit   .   b - +0 scale mail
rPois   .          Reflect  .   m - +2 helmet
rElec   .          Harm     .   i - +0 cloak
rCorr   .          Rampage  .   (no gloves)
Will    .....                   j - +0 pair of boots
Stlth   ..........              (no amulet)
HPRegen 0.21/turn               (no ring)
MPRegen 0.12/turn               (no ring)

@: brilliant, mesmerised, invisible
A: high mp 1, forlorn, divine attributes
a: no special abilities


You were on level 6 of the Dungeon.
You visited 1 branch of the dungeon, and saw 6 of its levels.

You collected 167 gold pieces.
You spent 45 gold pieces at shops.

Inventory:

Hand Weapons
 a - a +0 war axe
 e - a +0 battleaxe (weapon)
Armour
 b - a +0 scale mail (worn)
 c - a +0 buckler
 i - a +0 cloak (worn)
 j - a +0 pair of boots (worn)
 m - a +2 helmet (worn)
Scrolls
 d - a scroll of teleportation
 o - a scroll of magic mapping
Potions
 f - a potion of invisibility
 g - 2 potions of mutation {unknown}
 k - a potion of brilliance
 l - 2 potions of degeneration {unknown}
 n - a potion of heal wounds {unknown}
 p - a potion of ambrosia {unknown}


   Skills:
 + Level 5.8 Fighting
 * Level 7.7 Axes
 + Level 4.5 Armour
 - Level 2.6 Shields


You had 7 spell levels left.
You didn't know any spells.
Your spell library was empty.

Dungeon Overview and Level Annotations

Branches:
Dungeon (6/15)             Temple (0/1) D:4

Shops:
D:1 [

Annotations:
D:3 3 runed translucent doors, SirDiesAlot's ghost, amateur DjFE
D:6 Maggie


Innate Abilities, Weirdness & Mutations

You have an increased reservoir of magic. (+10% MP)
You shall have no god before yourself.
Your divine heritage dramatically boosts your attributes as you level up.


Message History

The steam dragon breathes steam at you. The ball of steam misses you.
It was a potion of invisibility.
You fade into invisibility!
The adder is engulfed in a cloud of scalding steam.
The adder bites you but does no damage.
The adder is engulfed in a cloud of scalding steam.
The adder dies!
The steam dragon barely misses you.
The steam dragon claws you but does no damage.
You hit the water moccasin skeleton.
You destroy the water moccasin skeleton!
You hit the steam dragon but do no damage.
Maggie casts a spell.
The steam dragon misses you. The steam dragon claws you.
Maggie hits you with a +1 war axe of flaming.
Maggie burns you.
You hit Maggie.
Maggie is lightly wounded.
You strike the helpless steam dragon from behind!
You slash the steam dragon!
You kill the steam dragon!
* * * LOW HITPOINT WARNING * * *
Maggie hits you but does no damage.
You feel better.
Maggie mutters to herself, "Master Lance won't take me back.
This is the way forward."
Maggie closely misses you.
You cannot move away from Maggie!
You slash Maggie!
Maggie is moderately wounded.
Maggie misses you.
You hit Maggie but do no damage.
Maggie is moderately wounded.
Maggie hits you with a +1 war axe of flaming.
* * * LOW HITPOINT WARNING * * *
Maggie burns you.
* * * LOW HITPOINT WARNING * * *
Maggie gestures at you while chanting. The bolt of fire hits you!
You die...

##..###...# ..#># #
#....#..#..#..#.# #
#...###...###...#...
# #..# ###.## #....
. # #.#
#....###...#. # #.
#..#..#..#.. #
#...###...# ##.#
##..## #.. #.@†.#
...#....@...#
.#.###...###...# .#
#..# #..... #..
..##.# ... .... .
...# ##.#. #.. #.


You could see Maggie (mesmerising).

Vanquished Creatures
  A steam dragon (D:6)
  Menkaure (D:5)
  A water moccasin (D:4)
  A sky beast (D:5)
  A black bear (D:4)
  2 ogres
  A centaur (D:6)
  2 phantoms
  A water moccasin skeleton (D:6)
  A howler monkey (D:5)
  A jelly (D:5)
  A bullfrog skeleton (D:5)
  An orc priest (D:3)
  A hound (D:5)
  4 iguanas
  2 orc wizards (D:3)
  A hound zombie (D:5)
  2 hound skeletons
  3 gnolls (D:5)
  7 adders
  A howler monkey skeleton (D:5)
  An adder skeleton (D:4)
  4 worms
  2 dart slugs
  6 orcs
  8 endoplasms
  A giant cockroach (D:4)
  8 goblins
  5 hobgoblins
  2 jackals (D:1)
  5 quokkas
  4 ball pythons
  2 bats
  A frilled lizard (D:3)
  6 kobolds
  3 rats
94 creatures vanquished.

Vanquished Creatures (others)
  An adder (D:6)
1 creature vanquished.

Grand Total: 95 creatures vanquished

Notes
Turn   | Place    | Note
-------+----------+-------------------------------------------
     0 | D:1      | ryw the Demigod Fighter began the quest for the Orb.
     0 | D:1      | Reached XP level 1. HP: 18/18 MP: 3/3
    44 | D:1      | Reached skill level 2 in Axes
   278 | D:1      | Reached XP level 2. HP: 20/25 MP: 4/4
   758 | D:1      | Found Miovvudu's Armour Shoppe.
   766 | D:1      | Bought a +0 cloak for 45 gold pieces
  1106 | D:2      | Reached XP level 3. HP: 31/31 MP: 5/5
  1107 | D:2      | Reached skill level 3 in Axes
  1937 | D:3      | Found a runed translucent gate.
  1937 | D:3      | Found a runed translucent gate.
  1938 | D:3      | Found a runed translucent gate.
  1941 | D:3      | Noticed SirDiesAlot's ghost (amateur DjFE)
  2101 | D:3      | Reached XP level 4. HP: 24/38 MP: 6/6
  2440 | D:3      | Reached skill level 4 in Axes
  2694 | D:3      | Reached XP level 5. HP: 43/46 MP: 7/7
  3591 | D:4      | Found a staircase to the Ecumenical Temple.
  3597 | D:4      | Noticed a black bear
  3603 | D:4      | Killed a black bear
  3604 | D:4      | Reached skill level 5 in Axes
  3604 | D:4      | Reached XP level 6. HP: 44/53 MP: 8/8
  3963 | D:4      | Noticed a water moccasin
  3978 | D:4      | Killed a water moccasin
  4377 | D:5      | Entered Level 5 of the Dungeon
  4481 | D:5      | Noticed Menkaure
  4683 | D:5      | Killed Menkaure
  4684 | D:5      | Reached skill level 6 in Axes
  4684 | D:5      | Reached XP level 7. HP: 23/60 MP: 9/9
  5113 | D:5      | Reached skill level 5 in Fighting
  6080 | D:5      | Reached skill level 7 in Axes
  6218 | D:5      | Reached XP level 8. HP: 59/69 MP: 10/10
  6470 | D:6      | Noticed Maggie
  6480 | D:6      | Killed from afar by Maggie

Illustrated notes

Levels and vault maps discovered:
D:1:      minmay_arrival_loop, layout_loops_ring, serial_shops,
          nicolae_square_shop, chequers_ecumenical_altar_simple_redux,
          minmay_tetromino_s2
D:2:      layout_loops_ring, kennysheep_flooded_box
D:3:      layout_basic, ebering_ghost_gozag, minmay_surrounded
D:4:      layout_loops_ring, mainiacjoe_overflow_paths, minmay_temple_entry_hall
D:5:      layout_loops_ring, uniq_menkaure
D:6:      hellmonk_destroyed_diamonds, layout_loops_corners,
          uniq_prince_ribbit1, uniq_maggie

Skill      XL: |  1  2  3  4  5  6  7 |
---------------+----------------------+-----
Axes           | 2 3 4 5 6 7 |  7.7
Fighting       | 3 4 5 |  5.8
Armour         | 3 4 |  4.5
Shields        | |  2.6

Action                   |  1- 3 |  4- 6 |  7- 9 || total
-------------------------+-------+-------+-------++-------
Melee: War axe           |   129 |   166 |    69 ||   364
       Battleaxe         |       |       |    29 ||    29
  Use: Scroll            |     2 |     6 |     1 ||     9
       Potion            |       |     3 |     3 ||     6
 Stab: Invisible         |       |       |     1 ||     1
Armor: Scale mail        |    62 |    94 |    60 ||   216
Dodge: Dodged            |    71 |    62 |    51 ||   184
Block: Buckler           |    23 |    27 |    13 ||    63

Table legend: (Time is in decaauts)
 A = Elapsed time spent in this place.
 B = Non-inter-level travel time spent in this place.
 C = Inter-level travel time spent in this place.
 D = Time resting spent in this place.
 E = Time spent auto-exploring this place.
 F = Levels seen in this place.
 G = Mean time per level.
                   A        B        C        D        E       F      G
               +--------+--------+--------+--------+--------+-----+--------+
         Total |   6609 |   6421 |    188 |   1339 |   4054 |   6 | 1101.5 |
       Dungeon |   6609 |   6421 |    188 |   1339 |   4054 |   6 | 1101.5 |
               +--------+--------+--------+--------+--------+-----+--------+

Top non-repeatable levels by time:
     D:5: 1695 daAuts
     D:4: 1451 daAuts
     D:3: 1255 daAuts
     D:2: 1148 daAuts
     D:1: 884 daAuts
     D:6: 173 daAuts
